 Dungeon Crawl Stone Soup version 0.23.1 (webtiles) character file.

Game seed: 14020410813457867898

10124 Borgoz the Slicer (level 11, -12/94 HPs)
             Began as a Ghoul Monk on Mar 15, 2019.
             Was a Priest of Ashenzari.
             Mangled by a two-headed ogre
             ... wielding a +0 giant club
              (23 damage)
             ... on level 11 of the Dungeon.
             The game lasted 00:32:09 (10602 turns).

Borgoz the Slicer (Ghoul Monk)                     Turns: 10602, Time: 00:32:10

Health: -12/94     AC:  8    Str: 16    XL:     11   Next: 57%
Magic:  10/10      EV: 15    Int:  5    God:    Ashenzari [***...]
Gold:   536        SH:  0    Dex: 17    Spells: 9/10 levels left

rFire    . . .     SeeInvis +   a - +2 short sword (drain)
rCold    + . .     Gourm    .   (no shield)
rNeg     + + +     Faith    .   e - +0 ring mail
rPois    ∞         Spirit   .   (no helmet)
rElec    .         Reflect  .   (no cloak)
rCorr    .         Harm     .   A - +0 pair of gloves
MR       .....                  (no boots)
Stlth    +++.......             d - amulet of regeneration
HPRegen  0.00/turn              g - +3 ring of dexterity
MPRegen  0.12/turn              (no ring)

@: rotting
A: rotting body, claws 1, carnivore, cold resistance 1, negative energy
resistance 3, inhibited regeneration, torment resistance, unbreathing
a: Curse Item, Scrying, Renounce Religion


You were on level 11 of the Dungeon.
You worshipped Ashenzari.
Ashenzari was most pleased with you.
You were not hungry.

You visited 2 branches of the dungeon, and saw 12 of its levels.
You also visited: Sewer.

You collected 536 gold pieces.

Inventory:

Hand Weapons
 a - a +2 short sword of draining (weapon)
 b - a +0 blowgun
 C - a +0 rapier
Missiles
 h - 33 poisoned needles
 w - 8 tomahawks (quivered)
 F - 5 curare-tipped needles
Armour
 e - a +0 ring mail (worn)
 l - a +1 leather armour of fire resistance
 A - a +0 pair of gloves (worn)
Jewellery
 d - an amulet of regeneration (around neck)
 g - a +3 ring of dexterity (left hand)
Wands
 j - a wand of flame (20)
 m - a wand of iceblast (8)
 u - a wand of disintegration (17)
 x - a wand of acid (10)
 y - a wand of enslavement (10)
Scrolls
 f - a scroll of fog
 i - a scroll of amnesia
 k - 5 scrolls of remove curse
 n - 2 scrolls of enchant weapon
 p - 7 scrolls of teleportation
 q - a scroll of magic mapping
 r - a scroll of summoning
 z - 3 scrolls of fear
 B - 2 scrolls of identify
Potions
 s - 2 potions of brilliance
 t - 2 potions of flight
 v - a potion of heal wounds
 D - a potion of blood
Comestibles
 c - 20 rations
 o - 3 chunks of flesh


   Skills:
 + Level 8.1 Fighting
 * Level 9.2 Short Blades
 + Level 8.6 Armour
 * Level 6.9 Dodging
 + Level 8.5 Stealth
 + Level 0.3 Spellcasting
 + Level 0.3 Hexes


You had 9 spell levels left.
You knew the following spells:

 Your Spells              Type           Power        Failure   Level  Hunger
a - Confusing Touch       Hex            #.....       58%         1    ##.....

Your spell library contained the following spells:

 Spells                   Type           Power        Failure   Level  Hunger
 Animate Skeleton         Necr           N/A          65%         1    ##.....
 Apportation              Tloc           #.....       65%         1    ##.....
 Flame Tongue             Conj/Fire      #....        65%         1    ##.....
 Sting                    Conj/Pois      #...         65%         1    ##.....
 Summon Small Mammal      Summ           #...         65%         1    ##.....
 Poisonous Vapours        Pois/Air       #.....       78%         2    ###....
 Throw Flame              Conj/Fire      #.....       78%         2    ###....
 Inner Flame              Hex/Fire       #.......     94%         3    ####...
 Conjure Flame            Conj/Fire      #.......     95%         3    ####...
 Mephitic Cloud           Conj/Pois/Air  #.......     95%         3    ####...
 Olgreb's Toxic Radiance  Pois           #.......     100%        4    #####..
 Sticky Flame             Conj/Fire      #.......     100%        4    #####..
 Fireball                 Conj/Fire      #.........   100%        5    ######.
 Venom Bolt               Conj/Pois      #.........   100%        5    ######.


Dungeon Overview and Level Annotations

Branches:
Dungeon (11/15)            Temple (1/1) D:6            Lair (0/6) D:8
    Orc: D:9-12

Altars:
Ashenzari
Cheibriados
Dithmenos
Elyvilon
Fedhas
Gozag
Hepliaklqana
Kikubaaqudgha
Makhleb
Nemelex Xobeh
Okawaru
Qazlal
Ru
Sif Muna
Trog
Uskayaw
Vehumet
Wu Jian
Xom
Yredelemnul
Zin
The Shining One

Shops:
D:6 }   D:9 *

Annotations:
D:10 2 transporters


Innate Abilities, Weirdness & Mutations

Your body is rotting away.
You thrive on raw meat.
You are immune to poison.
You have sharp fingernails.
You are carnivorous and can eat meat at any time.
Your flesh is cold resistant. (rC+)
You are immune to negative energy. (rN+++)
You do not regenerate when monsters are visible.
You are immune to unholy pain and torment.
You can survive without breathing.


Message History

The two-headed ogre hits you with a cursed -3 giant spiked club!!
* * * LOW HITPOINT WARNING * * *
You hit the two-headed ogre but do no damage.
The two-headed ogre is almost dead.
Eat one of 4 chunks of flesh? (ye/n/q)
You eat one of the 4 chunks of flesh.
This raw flesh tastes great!
The two-headed ogre misses you.
The two-headed ogre hits you with a cursed -3 giant spiked club!
* * * LOW HITPOINT WARNING * * *
A jackal comes into view.
The jackal barks!
You hit the two-headed ogre but do no damage.
You drain the two-headed ogre.
The two-headed ogre is almost dead.
A jackal comes into view.
The jackal barks!
You hit the two-headed ogre. You drain the two-headed ogre.
The two-headed ogre is almost dead.
The two-headed ogre hits you with a +0 giant club!!
You die...

##.## #..........#
#.# #.###..)####
#.# #.# ##.## #.#
#.# #.# #.# #.#
#.# * #.# #.#
######.# #.#
#..###......# #.#
#.....>@########.#
,
##.###..O.>..hh..#
* * *#.#########
,,...* * * #### ,
* * *


You could see a two-headed ogre and 2 jackals.

Vanquished Creatures
  A hydra (D:11)
  A two-headed ogre (D:10)
  Sonja (D:11)
  Pikel (D:6)
  Joseph (D:8)
  A troll (D:10)
  3 hippogriffs
  A vampire (D:11)
  2 wyverns (D:10)
  5 yaks (D:10)
  Sigmund (D:5)
  A wraith (D:10)
  Grum (D:9)
  4 hogs
  A human (D:7)
  2 hungry ghosts
  Eustachio (D:6)
  Duvessa (D:6)
  A water moccasin (D:8)
  2 orc warriors
  3 ice beasts
  2 sky beasts
  5 centaurs
  2 ogres
  2 wolves (D:9)
  5 big kobolds
  4 bullfrogs
  A water moccasin zombie (D:9)
  Dowan (D:6)
  2 scorpions
  3 bullfrog zombies
  2 howler monkeys
  A quasit (D:9)
  9 crimson imps
  7 hounds
  4 jellies
  An orc priest (D:9)
  2 bullfrog skeletons
  2 iguanas
  6 orc wizards
  5 worker ants
  3 hound zombies
  A worker ant zombie (D:10)
  A howler monkey skeleton (D:9)
  15 adders
  3 river rats
  2 shadow imps
  An ooze (D:2)
  3 adder skeletons
  An adder zombie (D:7)
  6 worms
  2 dart slugs
  7 leopard geckos
  26 orcs
  7 bats
  5 giant cockroaches
  10 goblins
  2 hobgoblins
  18 jackals
  3 quokkas
  3 frilled lizards
  A jackal zombie (D:5)
  32 kobolds
  A leopard gecko skeleton (D:3)
  A quokka skeleton (D:4)
  10 rats
265 creatures vanquished.

Vanquished Creatures (others)
  An adder (D:6)
1 creature vanquished.

Grand Total: 266 creatures vanquished

Notes
Turn   | Place    | Note
-------+----------+-------------------------------------------
     0 | D:1      | Borgoz the Ghoul Monk began the quest for the Orb.
     0 | D:1      | Reached XP level 1. HP: 19/19 MP: 0/0
   118 | D:1      | Reached XP level 2. HP: 25/26 MP: 1/1
   225 | D:1      | Reached skill level 3 in Short Blades
   329 | D:1      | Reached skill level 1 in Armour
   351 | D:1      | Reached XP level 3. HP: 30/31 MP: 2/2
   454 | D:1      | Found a sparkling altar of Nemelex Xobeh.
  1076 | D:2      | Reached XP level 4. HP: 35/38 MP: 3/3
  1384 | D:2      | Found a hazy altar of Hepliaklqana.
  1652 | D:3      | Noticed an ogre
  1656 | D:3      | Killed an ogre
  1656 | D:3      | Reached XP level 5. HP: 45/46 MP: 4/4
  1876 | D:3      | Found a faded altar of an unknown god.
  2262 | D:4      | Reached XP level 6. HP: 40/52 MP: 5/5
  2278 | D:4      | Reached skill level 4 in Short Blades
  2674 | D:4      | Found a white marble altar of Elyvilon.
  2858 | D:5      | Entered Level 5 of the Dungeon
  2858 | D:5      | Noticed an ice beast
  2905 | D:4      | Killed an ice beast
  2905 | D:4      | Reached XP level 7. HP: 24/60 MP: 6/6
  4082 | D:6      | Reached skill level 5 in Short Blades
  4140 | D:6      | Reached XP level 8. HP: 53/67 MP: 7/7
  4292 | D:6      | Noticed Pikel
  4310 | D:6      | Killed Pikel
  4310 | D:6      | Reached skill level 5 in Fighting
  4310 | D:6      | Reached skill level 5 in Stealth
  4404 | D:6      | Noticed Duvessa
  4404 | D:6      | Noticed Dowan
  4406 | D:6      | Killed Dowan
  4443 | D:6      | HP: 2/68 [Duvessa/+0 short sword (10)]
  4457 | D:6      | Killed Duvessa
  4457 | D:6      | Reached skill level 5 in Armour
  4560 | D:6      | Noticed Eustachio
  4583 | D:6      | Killed Eustachio
  4583 | D:6      | Reached skill level 6 in Short Blades
  4583 | D:6      | Reached XP level 9. HP: 49/74 MP: 8/8
  4668 | D:6      | Found Koank's Gadget Emporium.
  4824 | D:6      | Found a glowing drain.
  4834 | Sewer    | Entered a sewer
  4967 | Sewer    | Found a glowing silver altar of Zin.
  5231 | D:6      | Found a staircase to the Ecumenical Temple.
  5335 | Temple   | Entered the Ecumenical Temple
  5424 | Temple   | Became a worshipper of Ashenzari the Shackled
  5424 | Temple   | Reached * piety under Ashenzari
  5424 | Temple   | Reached ** piety under Ashenzari
  5650 | D:5      | Noticed Sigmund
  5657 | D:5      | Killed Sigmund
  5839 | D:5      | Reached skill level 5 in Dodging
  6276 | D:7      | Reached skill level 7 in Short Blades
  6623 | D:7      | Reached XP level 10. HP: 12/84 MP: 9/9
  7061 | D:8      | Found a staircase to the Lair.
  7221 | D:8      | Noticed Joseph
  7245 | D:8      | Killed Joseph
  7692 | D:8      | Learned a level 1 spell: Confusing Touch
  7792 | D:9      | Noticed Grum
  8087 | D:9      | Found Waadwam's Assorted Antiques.
  8371 | D:9      | HP: 4/83 [Grum/-2 spear of piercing (3)]
  8550 | D:9      | Reached skill level 8 in Short Blades
  8734 | D:9      | Killed Grum
  9254 | D:10     | Entered Level 10 of the Dungeon
  9486 | D:10     | Noticed a two-headed ogre
  9494 | D:10     | Killed a two-headed ogre
  9494 | D:10     | Reached XP level 11. HP: 92/92 MP: 10/10
  9956 | D:10     | Noticed a fire giant
  9960 | D:10     | Noticed a centaur warrior
  9969 | D:10     | Noticed a deep elf knight
  9982 | D:10     | Noticed a green ugly thing
  9990 | D:10     | Found a transporter.
 10008 | D:10     | Found a transporter.
 10009 | D:10     | Reached *** piety under Ashenzari
 10026 | D:10     | Reached skill level 9 in Short Blades
 10470 | D:11     | Noticed a seven-headed hydra
 10480 | D:11     | Killed a seven-headed hydra
 10562 | D:11     | Noticed Sonja
 10565 | D:11     | Killed Sonja
 10586 | D:11     | Noticed a two-headed ogre
 10602 | D:11     | Mangled by a two-headed ogre

Skill      XL: |  1  2  3  4  5  6  7  8  9 10 11 |
---------------+----------------------------------+-----
Short Blades   | 3 4 5 6 7 8 9 |  9.2
Armour         | 1 2 3 4 5 6 8 |  8.6
Dodging        | 3 4 5 6 |  6.9
Stealth        | 3 4 5 6 7 8 |  8.5
Fighting       | 4 5 6 7 8 |  8.1
Spellcasting   | |  0.3
Hexes          | |  0.3

Action                   |  1- 3 |  4- 6 |  7- 9 | 10-12 || total
-------------------------+-------+-------+-------+-------++-------
Melee: Short sword       |   178 |   334 |   295 |   507 ||  1314
       Rapier            |       |       |   436 |   257 ||   693
Evoke: Wand              |       |     1 |     9 |    12 ||    22
  Use: Scroll            |     1 |     6 |     5 |     4 ||    16
       Potion            |       |     1 |     5 |     8 ||    14
 Stab: Sleeping          |       |     1 |     9 |    17 ||    27
  Eat: Chunk             |    10 |    17 |    39 |    44 ||   110
Armor: Robe              |     4 |       |       |       ||     4
       Ring mail         |    67 |   110 |   179 |   154 ||   510
Dodge: Dodged            |   118 |   225 |   466 |   449 ||  1258
